 Dungeon Crawl Stone Soup version 0.30-a0-793-g160f7cfddd (webtiles) character file.

Game seed: 8371716672585704542

37 mandarbmax the Ruffian (level 3, 0/28 HPs)
             Began as a Draconian Transmuter on Feb 19, 2023.
             Slain by Sigmund
             ... wielding a +1 scythe of protection
              (13 damage)
             ... on level 2 of the Dungeon.
             The game lasted 00:04:04 (1354 turns).

mandarbmax the Ruffian (Draconian Transmuter)       Turns: 1354, Time: 00:04:05

Health: 0/28       AC:  5    Str: 12    XL:     3   Next: 21%
Magic:  1/6        EV: 12    Int: 15    God:
Gold:   83         SH:  0    Dex: 11    Spells: 0/6 levels left

rFire   . . .      SeeInvis .      - Unarmed
rCold   . . .      Faith    .    (no shield)
rNeg    . . .      Spirit   .    (body armour unavailable)
rPois   .          Reflect  .    (helmet restricted)
rElec   .          Harm     +    n - scarf {harm}
rCorr   .          Rampage  .    (no gloves)
Will    .....                    (no boots)
Stlth   +                        (no amulet)
HPRegen 0.24/turn                (no ring)
MPRegen 0.10/turn                (no ring)

@: wereblooded
A: AC +5, unfitting armour, cold-blooded
a: no special abilities


You were on level 2 of the Dungeon.
You visited 1 branch of the dungeon, and saw 2 of its levels.

You collected 83 gold pieces.

Inventory:

Armour
 n - a scarf of harm (worn)
 o - the +1 tower shield of Kogakaba {rElec Stlth+}
   (You found it on level 1 of the Dungeon)

   rElec:     It insulates you from electricity.
   Stlth:     It makes you more stealthy.
 p - a +0 pair of gloves
 q - a +0 pair of boots
Scrolls
 f - 5 scrolls of identify {unknown}
 g - a scroll of torment {unknown}
 h - a scroll of vulnerability {unknown}
 j - 2 scrolls of noise {unknown}
 k - 2 scrolls of teleportation {unknown}
 l - a scroll of magic mapping {unknown}
 r - a scroll of enchant armour {unknown}
Potions
 a - a potion of lignification
 b - 2 potions of berserk rage {unknown}
 c - a potion of attraction {unknown}
 d - a potion of cancellation {unknown}
 e - a potion of heal wounds
 i - 3 potions of curing {unknown}
 m - a potion of might {unknown}


   Skills:
 + Level 1.1 Fighting
 - Level 2.0 Dodging
 * Level 4.2 Unarmed Combat
 - Level 2.0 Spellcasting
 + Level 2.0 Transmutations


You couldn't memorise any spells.
You knew the following spells:

 Your Spells              Type           Power      Damage    Failure   Level
a - Beastly Appendage     Tmut           14%        N/A       10%         1
b - Wereblood             Tmut           7%         N/A       14%         2
c - Spider Form           Tmut/Pois      4%         N/A       41%         3

Your spell library contained the following spells:

 Spells                   Type           Power      Damage    Failure   Level
 Magic Dart               Conj           4%         1d3       22%         1
 Scorch                   Fire           2%         2d5       32%         2
 Searing Ray              Conj           2%         2d4       32%         2
 Ice Form                 Ice/Tmut       4%         N/A       82%         4
 Flame Wave               Conj/Fire      1%         2d4       91%         4
 Fulminant Prism          Conj/Hex       0%         3d5       91%         4
 Summon Cactus Giant      Summ           0%         N/A       100%        6


Dungeon Overview and Level Annotations

Branches:
Dungeon (2/15)

Altars:

Annotations:
D:2 Sigmund


Innate Abilities, Weirdness & Mutations

Your plain brown scales are hard. (AC +5)
You cannot fit into any form of body armour.
You are cold-blooded and may be slowed by cold attacks.


Message History

Confirm with . or Enter, or press ? or * to list all spells.
The spell is extremely dangerous to miscast (41% risk of failure)!
Continue anyway?
Your horns disappear.
Your talons disappear.
You turn into a venomous arachnid creature.
Your scarf of harm melds into your body.
Sigmund gestures at you while chanting.
You are confused.
Unknown command.
You bump into the rock wall.
You bump into the rock wall.
Your transformation is almost over.
Sigmund closely misses you.
You bump into the rock wall.
Sigmund completely misses you.
You bump into the rock wall.
You bump into the rock wall.
You feel less confused. Sigmund misses you. Sigmund casts a spell at you.
The puff of flame misses you.
You hit Sigmund but do no damage.
Sigmund is poisoned.
Sigmund completely misses you.
You hit Sigmund but do no damage.
Sigmund looks as sick as possible!
You bite Sigmund!
Sigmund looks as sick as possible!
Sigmund is heavily wounded.
Sigmund hits you with a +1 scythe of protection.
You barely miss Sigmund.
Sigmund is severely wounded.
You hit Sigmund.
Sigmund is almost dead.
Sigmund drinks a potion.
Sigmund is healed!
You hit Sigmund but do no damage.
Sigmund looks as sick as possible!
Sigmund is lightly wounded.
Your transformation has ended.
Your scarf of harm unmelds from your body.
Sigmund points at you and mumbles some strange words.
The magic dart hits you!
You hit Sigmund.
Sigmund is heavily wounded.
Sigmund hits you with a +1 scythe of protection!
You die...

.###########
......@@...#
##########.#
###.########
#..........#
######.#.#..###.##
#......#.#.......#
#......#.....##..#
#......###...## #
#......###....#..#


You could see Sigmund (extremely poisoned).

Vanquished Creatures
  An adder (D:2)
  4 ball pythons (D:1)
  An endoplasm (D:2)
  A giant cockroach (D:1)
  4 goblins
  3 hobgoblins
  A quokka (D:1)
  2 bats (D:1)
  A frilled lizard (D:2)
  4 kobolds (D:1)
  3 rats (D:1)
25 creatures vanquished.

Notes
Turn   | Place    | Note
-------+----------+-------------------------------------------
     0 | D:1      | mandarbmax the Draconian Transmuter began the quest for the
                  | Orb.
     0 | D:1      | Reached XP level 1. HP: 16/16 MP: 3/3
   196 | D:1      | Reached XP level 2. HP: 23/23 MP: 3/5
   214 | D:1      | Found a faded altar of an unknown god.
   690 | D:1      | Identified the +1 tower shield of Kogakaba {rElec Stlth+}
   977 | D:2      | Learned a level 2 spell: Wereblood
  1045 | D:2      | Reached skill level 4 in Unarmed Combat
  1179 | D:2      | Reached XP level 3. HP: 22/28 MP: 4/6
  1183 | D:2      | Learned a level 3 spell: Spider Form
  1337 | D:2      | Noticed Sigmund
  1354 | D:2      | Slain by Sigmund

Illustrated notes

Levels and vault maps discovered:
D:1:      wander_arrival_peaceful_grave, layout_rooms,
          hellmonk_ecumenical_altar_arch_garden, minivault_5
D:2:      layout_loops_cross, uniq_sigmund

Skill      XL: |  1  2 |
---------------+-------+-----
Dodging        | 2 |  2.0
Unarmed Combat | 4 |  4.2
Fighting       | |  1.1
Spellcasting   | |  2.0
Transmutations | |  2.0

Action                     || total
---------------------------++-------
  Melee: Unarmed           ||    71
         Kick              ||    14
         Punch             ||     2
         Headbutt          ||     7
         Tailslap          ||     5
   Cast: Beastly Appendage ||    25
         Spider Form       ||     1
         Wereblood         ||     1
 Armour: Skin              ||    15
  Dodge: Dodged            ||    36

Table legend: (Time is in decaauts)
 A = Elapsed time spent in this place.
 B = Non-inter-level travel time spent in this place.
 C = Inter-level travel time spent in this place.
 D = Time resting spent in this place.
 E = Time spent auto-exploring this place.
 F = Levels seen in this place.
 G = Mean time per level.
                   A        B        C        D        E       F      G
               +--------+--------+--------+--------+--------+-----+--------+
         Total |   1348 |   1296 |     52 |      0 |   1078 |   2 |  674.0 |
       Dungeon |   1348 |   1296 |     52 |      0 |   1078 |   2 |  674.0 |
               +--------+--------+--------+--------+--------+-----+--------+

Top non-repeatable levels by time:
     D:1: 748 daAuts
     D:2: 600 daAuts
